SAAA
ALLOWAY HALBERDS @ VERMONT LAKE MONSTERS
05/18/2030
 
TOP OF THE 1ST
Alloway Halberds batting - Pitching for Vermont Lake Monsters : RHP Orlando De Jesús
Pitching: RHP Orlando De Jesús
Batting: RHB Jerry Yates 0-0: Called Strike
0-1: Foul Ball, location: 2F
0-2: Strikes out swinging
Batting: LHB Jesús Trevino 0-0: Ball
1-0: Ball
2-0: Ball
3-0: Called Strike
3-1: Base on Balls
Batting: LHB Armando Becerra 0-0: Called Strike
0-1: Swinging Strike
0-2: SINGLE (Line Drive, 56D)
Jesús Trevino to second
Runner from 2nd tries for 3rd, SAFE, throw made to third
Batting: LHB Ricardo Ríos 0-0: Called Strike
0-1: Swinging Strike
0-2: Foul Ball, location: 2F
0-2: Strikes out swinging
Batting: RHB Carlos De Jesús 0-0: Ball
1-0: Foul Ball, location: 2F
1-1: SINGLE (Groundball, 56D)
Jesús Trevino scores
Armando Becerra to second
Batting: RHB Bryan Clifton 0-0: Called Strike
0-1: Swinging Strike
0-2: Ball
1-2: Strikes out looking
Top of the 1st over - 1 run, 2 hits, 0 errors, 2 left on base; Alloway 1 - Vermont 0
BOTTOM OF THE 1ST
Vermont Lake Monsters batting - Pitching for Alloway Halberds : RHP Francisco García
Pitching: RHP Francisco García
Batting: RHB Zelmar Barajas 0-0: Ball
1-0: Called Strike
1-1: Foul Ball, location: 2F
1-2: Ball
2-2: Ball
3-2: Foul Ball, location: 2F
3-2: Foul Ball, location: 2F
3-2: SINGLE (Line Drive, 89S)
Batting: LHB Mark Armstead 0-0: Ball
1-0: Called Strike
1-1: Ball
2-1: Swinging Strike
2-2: Strikes out swinging
Batting: LHB Gilberto Jiménez 0-0: Ball
1-0: Ball
2-0: Called Strike
2-1: DOUBLE (Line Drive, 9LM)
Zelmar Barajas to third
Batting: RHB Joe Aller 0-0: Called Strike
0-1: Ball
1-1: DOUBLE (Line Drive, 8RXD)
Zelmar Barajas scores
Gilberto Jiménez scores
Batting: LHB Tullu Amaad 0-0: Ball
1-0: Called Strike
1-1: Ball
2-1: Ball
3-1: Called Strike
3-2: Base on Balls
Batting: LHB Brad Tillman 0-0: Called Strike
0-1: Ball
1-1: Ball
2-1: Foul Ball, location: 2F
2-2: Ball
3-2: Grounds into double play, 3-6-3 (Groundball, 3)
Bottom of the 1st over - 2 runs, 3 hits, 0 errors, 1 left on base; Alloway 1 - Vermont 2
TOP OF THE 2ND
Alloway Halberds batting - Pitching for Vermont Lake Monsters : RHP Orlando De Jesús
Batting: SHB Jack MacAsgill 0-0: Ball
1-0: Fly out, F8 (Flyball, 8LS)
Batting: RHB Rafael Delgado 0-0: Ball
1-0: Called Strike
1-1: Foul Ball, location: 2F
1-2: Foul Ball, location: 2F
1-2: Strikes out swinging
Batting: LHB José Zarate 0-0: Ball
1-0: Foul Ball, location: 2F
1-1: Swinging Strike
1-2: Ground out 3-1 (Groundball, 34)
Top of the 2nd over - 0 runs, 0 hits, 0 errors, 0 left on base; Alloway 1 - Vermont 2
BOTTOM OF THE 2ND
Vermont Lake Monsters batting - Pitching for Alloway Halberds : RHP Francisco García
Batting: RHB Barkley B. Cooltimes 0-0: Fly out, F7 (Line Drive, 7)
Batting: RHB José Vázquez 0-0: Called Strike
0-1: Foul Ball, location: 2F
0-2: Strikes out swinging
Batting: RHB Justin Smelter 0-0: Ball
1-0: Foul Ball, location: 2F
1-1: Ball
2-1: Ground out 5-3 (Groundball, 56S)
Bottom of the 2nd over - 0 runs, 0 hits, 0 errors, 0 left on base; Alloway 1 - Vermont 2
TOP OF THE 3RD
Alloway Halberds batting - Pitching for Vermont Lake Monsters : RHP Orlando De Jesús
Batting: RHB Jerry Yates 0-0: Called Strike
0-1: Ball
1-1: Ball
2-1: Foul Ball, location: 2F
2-2: Ball
3-2: Foul Ball, location: 2F
3-2: Foul Ball, location: 2F
3-2: Fly out, F8 (Line Drive, 78M)
Batting: LHB Jesús Trevino 0-0: Swinging Strike
0-1: Called Strike
0-2: Ball
1-2: Foul Ball, location: 2F
1-2: Strikes out swinging
Batting: LHB Armando Becerra 0-0: Swinging Strike
0-1: Foul Ball, location: 2F
0-2: Strikes out swinging
Top of the 3rd over - 0 runs, 0 hits, 0 errors, 0 left on base; Alloway 1 - Vermont 2
BOTTOM OF THE 3RD
Vermont Lake Monsters batting - Pitching for Alloway Halberds : RHP Francisco García
Batting: RHB Zelmar Barajas 0-0: Ball
1-0: Foul Ball, location: 2F
1-1: Ball
2-1: Foul Ball, location: 2F
2-2: Strikes out looking
Batting: LHB Mark Armstead 0-0: Called Strike
0-1: Called Strike
0-2: Strikes out swinging
Batting: LHB Gilberto Jiménez 0-0: Ball
1-0: Ball
2-0: Ball
3-0: Called Strike
3-1: Base on Balls
Batting: RHB Joe Aller 0-0: DOUBLE (Line Drive, 78D)
Gilberto Jiménez to third
Runner from 3rd tries for Home, SAFE, no throw
Batting: LHB Tullu Amaad 0-0: Ball
1-0: Ball
2-0: Ball
3-0: Base on Balls
Batting: LHB Brad Tillman 0-0: Called Strike
0-1: Foul Ball, location: 2F
0-2: Ball
1-2: Ground out 1-3 (Groundball, 13)
Bottom of the 3rd over - 1 run, 1 hit, 0 errors, 2 left on base; Alloway 1 - Vermont 3
TOP OF THE 4TH
Alloway Halberds batting - Pitching for Vermont Lake Monsters : RHP Orlando De Jesús
Batting: LHB Ricardo Ríos 0-0: Ball
1-0: Ball
2-0: DOUBLE (Line Drive, 9LM)
Batting: RHB Carlos De Jesús 0-0: Called Strike
0-1: Foul Ball, location: 2F
0-2: Foul Ball, location: 2F
0-2: SINGLE (Line Drive, 6MD)
Ricardo Ríos to third
Batting: RHB Bryan Clifton 0-0: Foul Ball, location: 2F
0-1: Hit by Pitch
Carlos De Jesús to second
Batting: SHB Jack MacAsgill 0-0: Foul Ball, location: 2F
0-1: Ball
1-1: SINGLE (Groundball, 56D)
Ricardo Ríos scores
Carlos De Jesús to third
Bryan Clifton to second
Runner from 3rd tries for Home, SAFE, no throw
Batting: RHB Rafael Delgado 0-0: Swinging Strike
0-1: Foul Ball, location: 2F
0-2: Ball
1-2: SINGLE (Groundball, 4D)
Bryan Clifton to third
Jack MacAsgill to second
Batting: LHB José Zarate 0-0: Grounds into double play, 5-4-3 (Groundball, 56)
Bryan Clifton scores
Jack MacAsgill to third
Batting: RHB Jerry Yates 0-0: Called Strike
0-1: Ball
1-1: SINGLE (Line Drive, 9LM)
Jack MacAsgill scores
Batting: LHB Jesús Trevino 0-0: Foul Ball, location: 2F
0-1: Ball
1-1: Ball
Wild Pitch!
Jerry Yates to second
2-1: Ball
3-1: Base on Balls
Batting: LHB Armando Becerra 0-0: Swinging Strike
0-1: Ball
1-1: Ground out 4-3 (Groundball, 4)
Top of the 4th over - 4 runs, 5 hits, 0 errors, 2 left on base; Alloway 5 - Vermont 3
BOTTOM OF THE 4TH
Vermont Lake Monsters batting - Pitching for Alloway Halberds : RHP Francisco García
Batting: RHB Barkley B. Cooltimes 0-0: Fly out, F7 (Line Drive, 7)
Batting: RHB José Vázquez 0-0: Ball
1-0: Swinging Strike
1-1: Ground out 4-3 (Groundball, 4)
Batting: RHB Justin Smelter 0-0: Ground out 4-3 (Groundball, 4)
Bottom of the 4th over - 0 runs, 0 hits, 0 errors, 0 left on base; Alloway 5 - Vermont 3
TOP OF THE 5TH
Alloway Halberds batting - Pitching for Vermont Lake Monsters : RHP Orlando De Jesús
Batting: LHB Ricardo Ríos 0-0: Ground out 6-3 (Groundball, 6)
Batting: RHB Carlos De Jesús 0-0: Ball
1-0: Ball
2-0: Foul Ball, location: 2F
2-1: Foul Ball, location: 2F
2-2: Fly out, F3 (Popup, 23F)
Batting: RHB Bryan Clifton 0-0: Ball
1-0: Foul Ball, location: 2F
1-1: Ground out 6-3 (Groundball, 56)
Top of the 5th over - 0 runs, 0 hits, 0 errors, 0 left on base; Alloway 5 - Vermont 3
BOTTOM OF THE 5TH
Vermont Lake Monsters batting - Pitching for Alloway Halberds : RHP Francisco García
Batting: RHB Zelmar Barajas 0-0: Ball
1-0: Called Strike
1-1: Ball
2-1: Foul Ball, location: 2F
2-2: Ball
3-2: SINGLE (Line Drive, 34D)
Batting: LHB Mark Armstead 0-0: Ball
1-0: Ball
2-0: Fly out, F8 (Flyball, 8RS)
Batting: LHB Gilberto Jiménez 0-0: Called Strike
0-1: SINGLE (Groundball, 34D)
Zelmar Barajas to second
Runner from 2nd tries for 3rd, SAFE, no throw
Batting: RHB Joe Aller 0-0: SINGLE (Line Drive, 78S)
Zelmar Barajas scores
Gilberto Jiménez to second
Batting: LHB Tullu Amaad 0-0: Foul Ball, location: 2F
0-1: Ball
1-1: Ball
2-1: SINGLE (Line Drive, 34D)
Gilberto Jiménez to third
Joe Aller to second
Batting: LHB Brad Tillman 0-0: Ball
1-0: Ball
2-0: Ball
3-0: Base on Balls
Gilberto Jiménez scores
Joe Aller to third
Tullu Amaad to second
Batting: RHB Barkley B. Cooltimes 0-0: Ball
1-0: Called Strike
1-1: Swinging Strike
1-2: Foul Ball, location: 2F
1-2: Ball
2-2: Foul Ball, location: 2F
2-2: SINGLE (Groundball, 56D)
Joe Aller scores
Tullu Amaad to third
Brad Tillman to second
Runner from 3rd tries for Home, throw and OUT!
Batting: RHB José Vázquez 0-0: Ball
1-0: Foul Ball, location: 2F
1-1: Swinging Strike
1-2: Ball
2-2: Fly out, F8 (Flyball, 8RXD)
Bottom of the 5th over - 3 runs, 5 hits, 0 errors, 2 left on base; Alloway 5 - Vermont 6
TOP OF THE 6TH
Alloway Halberds batting - Pitching for Vermont Lake Monsters : RHP Orlando De Jesús
Batting: SHB Jack MacAsgill 0-0: SINGLE (Flyball, 9LS)
Batting: RHB Rafael Delgado 0-0: Sac Bunt - play at first, batter OUT! 1-3
Jack MacAsgill to second
Batting: LHB José Zarate 0-0: Swinging Strike
0-1: Ball
1-1: Ball
2-1: Called Strike
2-2: Ball
3-2: Ground out 3-1 (Groundball, 34)
Jack MacAsgill to third
Batting: RHB Jerry Yates 0-0: Called Strike
0-1: Ball
1-1: Ball
2-1: Ball
3-1: Base on Balls
Batting: LHB Jesús Trevino 0-0: Ball
1-0: Ball
2-0: Ground out 4-3 (Groundball, 34)
Top of the 6th over - 0 runs, 1 hit, 0 errors, 2 left on base; Alloway 5 - Vermont 6
BOTTOM OF THE 6TH
Vermont Lake Monsters batting - Pitching for Alloway Halberds : RHP Francisco García
Batting: RHB Justin Smelter 0-0: Foul Ball, location: 2F
0-1: Swinging Strike
0-2: Strikes out swinging
Batting: RHB Zelmar Barajas 0-0: Ground out 5-3 (Groundball, 5L)
Batting: LHB Mark Armstead 0-0: Ball
1-0: Ball
2-0: Ball
3-0: Called Strike
3-1: Called Strike
3-2: Foul Ball, location: 2F
3-2: SINGLE (Line Drive, 78S)
Batting: LHB Gilberto Jiménez 0-0: Ball
1-0: Swinging Strike
1-1: Foul Ball, location: 2F
1-2: Ball
2-2: Ball
3-2: Base on Balls
Mark Armstead to second
Pitching: RHP Akihiko Rin
Batting: RHB Joe Aller 0-0: Foul Ball, location: 2F
0-1: Ball
1-1: Fly out, F4 (Popup, 34S)
Bottom of the 6th over - 0 runs, 1 hit, 0 errors, 2 left on base; Alloway 5 - Vermont 6
TOP OF THE 7TH
Alloway Halberds batting - Pitching for Vermont Lake Monsters : RHP Orlando De Jesús
Batting: LHB Armando Becerra 0-0: Swinging Strike
0-1: Ball
1-1: Ground out U3 (Groundball, 3S)
Batting: LHB Ricardo Ríos 0-0: SINGLE (Line Drive, 8RS)
Pitching: LHP Cherles Gachineiro
Batting: RHB Carlos De Jesús 0-0: Swinging Strike
0-1: Ball
1-1: Foul Ball, location: 2F
Balk!
Ricardo Ríos to second
1-2: Ball
2-2: Fly out, F8 (Flyball, 8LXD)
Runner from 2nd tags up, SAFE at 3rd, no throw
Pinch Hitting: RHB Ethan Stanford 0-0: Ball
1-0: Swinging Strike
1-1: Foul Ball, location: 2F
1-2: Ball
2-2: Ball
3-2: Base on Balls
Batting: SHB Jack MacAsgill 0-0: Swinging Strike
0-1: Ball
1-1: Ball
2-1: Fly out, F7 (Flyball, 7S)
Top of the 7th over - 0 runs, 1 hit, 0 errors, 2 left on base; Alloway 5 - Vermont 6
BOTTOM OF THE 7TH
Vermont Lake Monsters batting - Pitching for Alloway Halberds : RHP Akihiko Rin
Now at 2B: Ethan Stanford
Batting: LHB Tullu Amaad 0-0: Foul Ball, location: 2F
0-1: Foul Ball, location: 2F
0-2: Foul Ball, location: 2F
0-2: SINGLE (Groundball, 4MD)
Batting: LHB Brad Tillman 0-0: Bunted foul
0-1: Bunted foul
0-2: Ball
1-2: Ball
2-2: Ball
3-2: Base on Balls
Tullu Amaad to second
Batting: RHB Barkley B. Cooltimes 0-0: Called Strike
0-1: Ball
1-1: Hit by Pitch
Tullu Amaad to third
Brad Tillman to second
Pinch Hitting: LHB Ramón Gómez 0-0: Ball
1-0: Called Strike
1-1: Foul Ball, location: 2F
1-2: GRAND SLAM HOME RUN (Flyball, 9D), Distance : 371 ft
Pitching: RHP Juan Carlos Herrera
Batting: RHB Justin Smelter 0-0: Ball
1-0: Ball
2-0: Ball
3-0: Called Strike
3-1: Base on Balls
Batting: RHB Zelmar Barajas 0-0: Ball
1-0: Ball
2-0: Ball
3-0: Base on Balls
Justin Smelter to second
Batting: LHB Mark Armstead 0-0: Called Strike
0-1: Reaches on Catchers interference
Justin Smelter to third
Zelmar Barajas to second
Batting: LHB Gilberto Jiménez 0-0: Swinging Strike
0-1: Swinging Strike
0-2: Strikes out looking
Batting: RHB Joe Aller 0-0: Ball
1-0: TRIPLE (Line Drive, 9LD)
Justin Smelter scores
Zelmar Barajas scores
Mark Armstead scores
Batting: LHB Tullu Amaad 0-0: Ball
1-0: Ground out 1-3 (Groundball, 13S)
Batting: LHB Brad Tillman 0-0: Ball
1-0: Ball
2-0: Ball
3-0: Foul Ball, location: 2F
3-1: Swinging Strike
3-2: Strikes out swinging
Bottom of the 7th over - 7 runs, 3 hits, 1 error, 1 left on base; Alloway 5 - Vermont 13
TOP OF THE 8TH
Alloway Halberds batting - Pitching for Vermont Lake Monsters : LHP Cherles Gachineiro
Now at 1B: Sven Spee
Now at SS: Ramón Gómez
Batting: RHB Rafael Delgado 0-0: Ball
1-0: Swinging Strike
1-1: Fly out, F8 (Flyball, 8RS)
Batting: LHB José Zarate 0-0: Called Strike
0-1: Swinging Strike
0-2: SINGLE (Line Drive, 8RS)
Batting: RHB Jerry Yates 0-0: Ball
1-0: DOUBLE (Line Drive, 7LM)
José Zarate to third
Batting: LHB Jesús Trevino 0-0: Ball
1-0: Fly out, F5 (Popup, 56S)
Batting: LHB Armando Becerra 0-0: Ball
1-0: Called Strike
1-1: Ball
2-1: Ground out 4-3 (Groundball, 4MD)
Top of the 8th over - 0 runs, 2 hits, 0 errors, 2 left on base; Alloway 5 - Vermont 13
BOTTOM OF THE 8TH
Vermont Lake Monsters batting - Pitching for Alloway Halberds : RHP Juan Carlos Herrera
Batting: RHB Barkley B. Cooltimes 0-0: Called Strike
0-1: Ball
1-1: Ball
2-1: Ground out 1-3 (Groundball, 13)
Pinch Hitting: RHB Alejandro Garza 0-0: Called Strike
0-1: Ball
1-1: Called Strike
1-2: Foul Ball, location: 2F
1-2: Foul Ball, location: 2F
1-2: Strikes out swinging
Batting: RHB Justin Smelter 0-0: Called Strike
0-1: Swinging Strike
0-2: Ball
1-2: Ball
2-2: SINGLE (Line Drive, 6MD)
Batting: RHB Zelmar Barajas 0-0: Ball
1-0: Fly out, F8 (Flyball, 8LM)
Bottom of the 8th over - 0 runs, 1 hit, 0 errors, 1 left on base; Alloway 5 - Vermont 13
TOP OF THE 9TH
Alloway Halberds batting - Pitching for Vermont Lake Monsters : LHP Cherles Gachineiro
Now at 1B: Alejandro Garza
Now at 2B: Janghyun Sam
Batting: LHB Ricardo Ríos 0-0: Called Strike
0-1: Ball
1-1: Ball
2-1: Foul Ball, location: 2F
2-2: Foul Ball, location: 2F
2-2: Strikes out swinging
Batting: RHB Carlos De Jesús 0-0: Ball
1-0: Swinging Strike
1-1: Ball
2-1: Fly out, F5 (Popup, 15)
Batting: RHB Ethan Stanford 0-0: Foul Ball, location: 2F
0-1: Ball
1-1: Swinging Strike
1-2: Ball
2-2: Ball
3-2: Base on Balls
Batting: SHB Jack MacAsgill 0-0: Called Strike
0-1: Ground out 1-3 (Groundball, P)
Top of the 9th over - 0 runs, 0 hits, 0 errors, 1 left on base; Alloway 5 - Vermont 13
Sunday, March 18th, 2018 - OOTP Baseball 18.8 Build 76